 Dungeon Crawl Stone Soup version 0.27.1-33-g824d729ab1 (webtiles) character file.

Game seed: 14355419231120798465

88 BigCheese the Skirmisher (level 4, -1/29 HPs)
             Began as a Gargoyle Fighter on Dec 14, 2021.
             Slain by Robin (2 damage)
             ... on level 2 of the Dungeon.
             The game lasted 00:08:22 (1533 turns).

BigCheese the Skirmisher (Gargoyle Fighter)         Turns: 1533, Time: 00:08:22

Health: -1/29      AC: 10    Str: 21    XL:     4   Next: 53%
Magic:  3/3        EV:  7    Int:  8    God:
Gold:   116        SH:  9    Dex:  9    Spells: 3/3 levels left

rFire    . . .     SeeInvis .   a - +0 war axe
rCold    + . .     Faith    .   c - +0 kite shield
rNeg     + . .     Spirit   .   b - +0 scale mail
rPois    ∞         Reflect  .   (no helmet)
rElec    +         Harm     .   (no cloak)
rCorr    .         Rampage  .   (no gloves)
Will     .....                  (no boots)
Stlth    ..........             (no amulet)
HPRegen  0.09/turn              (no ring)
MPRegen  0.08/turn              (no ring)

@: flying
A: sickness immunity, AC +3, negative energy resistance 1, electricity
resistance, torment resistance 1, petrification resistance, cold resistance 1,
low mp 1
a: no special abilities


You were on level 2 of the Dungeon.
You visited 1 branch of the dungeon, and saw 2 of its levels.

You collected 116 gold pieces.

Inventory:

Hand Weapons
 a - a +0 war axe (weapon)
Armour
 b - a +0 scale mail (worn)
 c - a +0 kite shield (worn)


   Skills:
 * Level 4.0 Fighting
 * Level 2.8 Axes
 * Level 3.8 Armour
 + Level 0.2 Dodging
 * Level 3.8 Shields


You had 3 spell levels left.
You didn't know any spells.
Your spell library contained the following spells:

 Spells                   Type           Power      Damage    Failure   Level
 Borgnjor's Revivificati  Necr           0%         N/A       100%        8
 Necromutation            Tmut/Necr      0%         N/A       100%        8
 Death's Door             Necr           0%         N/A       100%        9


Dungeon Overview and Level Annotations

Branches:
Dungeon (2/15)

Altars:

Annotations:
D:2 Robin


Innate Abilities, Weirdness & Mutations

You are immune to sickness and miasma.
Your stone body is resilient. (AC +3)
You are immune to poison.
You resist negative energy. (rN+)
You are resistant to electric shocks. (rElec)
You are resistant to unholy torment.
You are immune to petrification.
Your flesh is cold resistant. (rC+)
Your magical capacity is low. (-10% MP)


Message History

Robin is lightly wounded.
You block Robin's attack.
You slash Robin!
Robin is heavily wounded.
You block Robin's attack. Robin barely misses you.
You barely miss Robin.
Robin is heavily wounded.
You block Robin's attack.
You hit Robin but do no damage.
Robin is heavily wounded.
You block Robin's attack. x2
You closely miss Robin.
Robin is heavily wounded.
Robin closely misses you.
Robin's horned helmet rattles.
Robin hits you with a +0 mace.
Your shield and scale mail prevent you from hitting Robin.
Robin is heavily wounded.
Robin hits you but does no damage.
You barely miss Robin.
Robin is heavily wounded.
Robin hits you with a +0 mace. Robin hits you but does no damage.
You closely miss Robin.
Robin is heavily wounded.
Robin barely misses you.
Your shield and scale mail prevent you from hitting Robin.
Robin is heavily wounded.
You block Robin's attack. Robin hits you with a +0 mace!
You barely miss Robin.
Robin is heavily wounded.
Robin closely misses you. Robin hits you with a +0 mace.
* * * LOW HITPOINT WARNING * * *
You hit Robin.
Robin is almost dead.
Robin hits you with a +0 mace.
* * * LOW HITPOINT WARNING * * *
It was a potion of mutation.
You feel extremely strange.
You feel resistant to cold.
You feel less energetic. Robin hits you with a +0 mace.
You die...

........ #..#
.## ....... #..#
... .....#
#..###...
.....###
#........
##g)g###..###...
#...g......##...
#.####..........
.. ###)#.##...
... #@#... ..
### #g)......
#........
#........
.........
#$.......
#........
.........


You could see Robin.

Vanquished Creatures
  2 worms (D:2)
  A dart slug (D:1)
  2 bats (D:2)
  4 endoplasms
  2 giant cockroaches (D:2)
  14 goblins
  12 hobgoblins
  7 jackals (D:1)
  2 quokkas
  5 ball pythons
  2 frilled lizards
  5 kobolds
  10 rats
68 creatures vanquished.

Notes
Turn   | Place    | Note
-------+----------+-------------------------------------------
     0 | D:1      | BigCheese the Gargoyle Fighter began the quest for the Orb.
     0 | D:1      | Reached XP level 1. HP: 14/14 MP: 1/1
   353 | D:1      | Reached XP level 2. HP: 16/20 MP: 2/2
   808 | D:1      | Reached XP level 3. HP: 21/24 MP: 3/3
  1161 | D:2      | Reached XP level 4. HP: 8/29 MP: 4/4
  1486 | D:2      | Reached skill level 4 in Fighting
  1496 | D:2      | Noticed Robin
  1532 | D:2      | HP: 1/29 [Robin (3)]
  1533 | D:2      | Gained mutation: Your flesh is cold resistant. (rC+)
                  | [potion of mutation]
  1533 | D:2      | Gained mutation: Your magical capacity is low. (-10% MP)
                  | [potion of mutation]
  1533 | D:2      | Slain by Robin

Illustrated notes

Levels and vault maps discovered:
D:1:      minmay_arrival_cross, layout_basic, chequers_ecumenical_altar_grove,
          minmay_rat_gold_closets
D:2:      cheibrodos_greedy_goblins, layout_rooms, uniq_terence, uniq_robin

Skill      XL: |  1  2  3  4 |
---------------+-------------+-----
Axes           | 2 |  2.8
Fighting       | 4 |  4.0
Armour         | |  3.8
Dodging        | |  0.2
Shields        | |  3.8

Action                   |  1- 3 |  4- 6 || total
-------------------------+-------+-------++-------
Melee: War axe           |   130 |    53 ||   183
  Use: Scroll            |     2 |       ||     2
       Potion            |     1 |     4 ||     5
Armor: Scale mail        |    82 |    38 ||   120
Dodge: Dodged            |    46 |    22 ||    68
Block: Kite shield       |    68 |    44 ||   112
